 Dungeon Crawl Stone Soup version 0.29-a0-838-g385bb11a5b (webtiles) character file.

Game seed: 15594412923793984961

162 IdlyInterested the Cudgeller (level 5, -3/41 HPs)
             Began as a Demonspawn Gladiator on July 13, 2022.
             Slain by a gnoll
             ... wielding a +1 whip of venom
             ... led by a gnoll sergeant
              (5 damage)
             ... on level 3 of the Dungeon.
             The game lasted 00:06:08 (2251 turns).

IdlyInterested the Cudgeller (Demonspawn Gladiator) Turns: 2251, Time: 00:06:08

Health: -3/41      AC:  7    Str: 17    XL:     5   Next: 19%
Magic:  5/5        EV: 14    Int:  9    God:
Gold:   57         SH:  0    Dex: 14    Spells: 4/4 levels left

rFire   . . .      SeeInvis .   a - +0 flail
rCold   . . .      Faith    .   (no shield)
rNeg    . . .      Spirit   .   q - +0 scale mail
rPois   .          Reflect  .   (helmet restricted)
rElec   .          Harm     .   (no cloak)
rCorr   +          Rampage  .   (no gloves)
Will    .....                   o - +0 pair of boots
Stlth   ..........              (no amulet)
HPRegen 0.13/turn               i - ring of resist corrosion
MPRegen 0.09/turn               l - +4 ring of evasion

@: lethally poisoned (-3 -> -9)
A: claws 1, horns 1
a: no special abilities


You were on level 3 of the Dungeon.
You visited 1 branch of the dungeon, and saw 3 of its levels.

You collected 87 gold pieces.
You spent 30 gold pieces at shops.

Inventory:

Hand Weapons
 a - a +0 flail (weapon)
 p - the +9 sling of the Shouting Gods {venom, rC+ rN+}
   (You found it on level 2 of the Dungeon)

   Any ammunition fired from it poisons the flesh of those it strikes.
   rC:        It protects you from cold.
   rN:        It protects you from negative energy.
Missiles
 d - a throwing net
 k - 6 boomerangs (quivered)
Armour
 b - a +0 leather armour
 n - an orb of mayhem
 o - a +0 pair of boots (worn)
 q - a +0 scale mail (worn)
Jewellery
 i - a ring of resist corrosion (left claw)
 l - a +4 ring of evasion (right claw)
Scrolls
 j - 2 scrolls of teleportation
 s - a scroll of immolation {unknown}
Potions
 c - a potion of cancellation {unknown}
 f - a potion of magic
 g - a potion of ambrosia
 h - a potion of attraction {unknown}
 m - a potion of curing
 r - a potion of berserk rage {unknown}


   Skills:
 * Level 3.2 Fighting
 * Level 4.0 Maces & Flails
 - Level 1.7 Throwing
 + Level 1.7 Armour
 - Level 2.6 Dodging
 - Level 1.0 Stealth
 - Level 1.0 Evocations


You had 4 spell levels left.
You didn't know any spells.
Your spell library was empty.

Dungeon Overview and Level Annotations

Branches:
Dungeon (3/15)

Altars:

Shops:
D:1 !


Innate Abilities, Weirdness & Mutations

You have sharp fingernails.
You have a pair of small horns on your head.


Message History

You hit the gnoll sergeant. You headbutt the gnoll sergeant.
The gnoll sergeant is heavily wounded.
The gnoll struggles against the net.
The gnoll sergeant struggles against the net.
You hit the gnoll sergeant but do no damage.
The gnoll sergeant is heavily wounded.
The gnoll struggles against the net.
The net rips apart, and the gnoll comes free!
The gnoll sergeant struggles against the net.
You hit the gnoll sergeant but do no damage.
You headbutt the gnoll sergeant, but do no damage.
The gnoll sergeant is heavily wounded.
The gnoll sergeant struggles against the net.
The net rips apart, and the gnoll sergeant comes free!
You hit the gnoll sergeant but do no damage.
You headbutt the gnoll sergeant.
The gnoll sergeant is heavily wounded.
The gnoll sergeant hits you with a +0 spear!
You hit the gnoll sergeant.
The gnoll sergeant is severely wounded.
The gnoll sergeant hits you with a +0 spear!
* * * LOW HITPOINT WARNING * * *
The gnoll sergeant closely misses you.
You hit the gnoll sergeant.
You kill the gnoll sergeant!
Your Fighting skill increases to level 3!
Your Maces & Flails skill increases to level 4!
You have reached level 5!
You closely miss the gnoll.
The gnoll hits you with a +1 whip of venom.
* * * LOW HITPOINT WARNING * * *
You are lethally poisoned!
You hit the gnoll.
The gnoll is heavily wounded.
* * * LOW HITPOINT WARNING * * *
You feel very sick.
The gnoll hits you from afar with a +0 spear.
* * * LOW HITPOINT WARNING * * *
The gnoll hits you with a +1 whip of venom.
You die...

#......######..##.###
#.....## ..## #
#......## .##
#.......# #. .#
#######.## #. #.#
#..# #. ..## #. ##.#
###... ... #.#
#<...#.... #@#
#.#.....gg #g#
###.#g....# #g#
#....og..#
#g###.#.##..##
#g..o.g.# .#
#####.### # ...#
...### .....


You could see 4 gnolls.

Vanquished Creatures
  A gnoll sergeant (D:3)
  An orc priest (D:3)
  A gnoll (D:1)
  An adder (D:2)
  2 orcs (D:3)
  3 ball pythons
  5 endoplasms
  A giant cockroach (D:2)
  3 goblins
  2 hobgoblins
  7 jackals
  6 kobolds (D:1)
  4 quokkas
  5 bats
  3 frilled lizards
  4 rats
49 creatures vanquished.

Vanquished Creatures (others)
  A gnoll (D:3)
  2 plants (D:2)
3 creatures vanquished.

Grand Total: 52 creatures vanquished

Notes
Turn   | Place    | Note
-------+----------+-------------------------------------------
     0 | D:1      | IdlyInterested the Demonspawn Gladiator began the quest for
                  | the Orb.
     0 | D:1      | Reached XP level 1. HP: 16/16 MP: 1/1
   284 | D:1      | Found Vigiz's Distillery.
   297 | D:1      | Discovered your monstrous ancestry.
   297 | D:1      | Gained mutation: You have a pair of small horns on your
                  | head. [demonic ancestry]
   297 | D:1      | Reached XP level 2. HP: 12/22 MP: 2/2
   646 | D:1      | Reached skill level 3 in Maces & Flails
   646 | D:1      | Reached skill level 1 in Stealth
   973 | D:1      | Reached XP level 3. HP: 27/27 MP: 3/3
  1002 | D:1      | Found a faded altar of an unknown god.
  1181 | D:1      | Bought a potion of curing for 30 gold pieces
  1222 | D:2      | Reached skill level 1 in Armour
  1222 | D:2      | Reached skill level 1 in Evocations
  1657 | D:2      | Identified the +9 sling of the Shouting Gods {venom, rC+
                  | rN+}
  2212 | D:3      | Noticed a gnoll sergeant
  2216 | D:3      | Gained mutation: You have sharp fingernails. [demonic
                  | ancestry]
  2216 | D:3      | Reached XP level 4. HP: 19/34 MP: 4/4
  2249 | D:3      | Killed a gnoll sergeant
  2250 | D:3      | Reached skill level 4 in Maces & Flails
  2250 | D:3      | Reached XP level 5. HP: 8/41 MP: 5/5
  2251 | D:3      | HP: 2/41 [gnoll/+0 spear[a gnoll sergeant] (3)]
  2251 | D:3      | Slain by a gnoll

Illustrated notes

Levels and vault maps discovered:
D:1:      wander_arrival_chamber, layout_basic, ebering_ecumenical_altar_box,
          serial_shops, nicolae_diamond_shop
D:2:      layout_rooms, guppyfry_early_lair_pool
D:3:      layout_rooms, marbit_many_paths, nicolae_kikubaaqudgha_miasma_corner,
          roderic_batcave, st_stairs_7, uniq_grinder

Skill      XL: |  1  2  3  4 |
---------------+-------------+-----
Maces & Flails | 3 4 |  4.0
Stealth        | 1 |  1.0
Armour         | 1 |  1.7
Evocations     | 1 |  1.0
Fighting       | 3 |  3.2
Throwing       | |  1.7
Dodging        | |  2.6

Action                   |  1- 3 |  4- 6 || total
-------------------------+-------+-------++-------
Melee: Flail             |   131 |    15 ||   146
       Headbutt          |    20 |     3 ||    23
Throw: Throwing net      |       |     2 ||     2
       Javelin           |       |     1 ||     1
  Use: Scroll            |     5 |       ||     5
       Potion            |       |     1 ||     1
 Stab: Sleeping          |     2 |       ||     2
Armor: Leather armour    |    37 |       ||    37
       Scale mail        |    10 |     4 ||    14
Dodge: Dodged            |   116 |     9 ||   125

Table legend: (Time is in decaauts)
 A = Elapsed time spent in this place.
 B = Non-inter-level travel time spent in this place.
 C = Inter-level travel time spent in this place.
 D = Time resting spent in this place.
 E = Time spent auto-exploring this place.
 F = Levels seen in this place.
 G = Mean time per level.
                   A        B        C        D        E       F      G
               +--------+--------+--------+--------+--------+-----+--------+
         Total |   2286 |   2148 |    138 |    561 |   1116 |   3 |  762.0 |
       Dungeon |   2286 |   2148 |    138 |    561 |   1116 |   3 |  762.0 |
               +--------+--------+--------+--------+--------+-----+--------+

Top non-repeatable levels by time:
     D:1: 1218 daAuts
     D:2: 778 daAuts
     D:3: 290 daAuts
